 Dungeon Crawl Stone Soup version 0.27-a0-906-g0a00ce863d (webtiles) character file.

Game seed: 13883664753340086226

969 Lanoc the Frost Mage (level 8, -5/48 (52) HPs)
             Began as a Merfolk Ice Elementalist on Apr 6, 2021.
             Was a Believer of Yredelemnul.
             Slain by a wight
             ... wielding a +4 dire flail
              (19 damage)
             ... on level 6 of the Dungeon.
             The game lasted 00:09:44 (6317 turns).

Lanoc the Frost Mage (Merfolk Ice Elementalist)     Turns: 6317, Time: 00:09:45

HP:   -5/48 (52)    AC:  4    Str:  9    XL:     8   Next: 16%
MP:   6/11          EV: 15    Int: 16    God:    Yredelemnul [**....]
Gold: 161           SH:  0    Dex: 14    Spells: 4/11 levels left

rFire    . . .     SeeInvis .   u - +4 dagger (venom)
rCold    . . .     Faith    .   (no shield)
rNeg     + . .     Spirit   .   i - +2 robe {rN+}
rPois    .         Reflect  .   (no helmet)
rElec    .         Harm     .   (no cloak)
rCorr    .         Rampage  .   (no gloves)
Will     +....                  (no boots)
Stlth    ++........             (no amulet)
HPRegen  0.16/turn              e - ring of willpower
MPRegen  0.12/turn              (no ring)

@: freezing walls, drained
A: (nimble swimmer 2), mertail
a: Renounce Religion, Animate Remains, Recall Undead Slaves, Injury Mirror


You were on level 6 of the Dungeon.
You worshipped Yredelemnul.
Yredelemnul was pleased with you.
You visited 2 branches of the dungeon, and saw 7 of its levels.

You collected 261 gold pieces.
You spent 100 gold pieces at shops.

Inventory:

Hand Weapons
 u - a +4 dagger of venom (weapon)
Armour
 i - a +2 robe of positive energy (worn)
Jewellery
 e - a ring of willpower (left hand)
 h - an amulet of guardian spirit
Wands
 n - a wand of polymorph (10)
 r - a wand of flame (51)
Scrolls
 b - 2 scrolls of amnesia {unknown}
 d - 4 scrolls of identify {unknown}
 m - 2 scrolls of holy word {unknown}
 q - 2 scrolls of enchant weapon {unknown}
 t - a scroll of fog {unknown}
Potions
 c - a potion of heal wounds
 f - a potion of invisibility {unknown}
 g - a potion of curing {unknown}
 j - 2 potions of degeneration {unknown}
 k - 2 potions of cancellation {unknown}
 l - a potion of berserk rage {unknown}
 o - a potion of lignification {unknown}
 p - a potion of mutation {unknown}
 s - a potion of brilliance {unknown}


   Skills:
 + Level 6.5 Dodging
 - Level 2.1 Stealth
 - Level 2.0 Spellcasting
 * Level 8.4 Ice Magic
 + Level 4.6 Invocations


You had 4 spell levels left.
You knew the following spells:

 Your Spells              Type           Power      Damage    Failure   Level
a - Freeze                Ice            100%       1d11      1%          1
b - Frozen Ramparts       Ice            56%        1d7       1%          3
h - Ozocubu's Armour      Ice            28%        N/A       1%          3

Your spell library contained the following spells:

 Spells                   Type           Power      Damage    Failure   Level
 Hailstorm                Conj/Ice       15%        3d5       36%         4
 Summon Ice Beast         Ice/Summ       15%        N/A       36%         4


Dungeon Overview and Level Annotations

Branches:
Dungeon (6/15)             Temple (1/1) D:5

Altars:
Yredelemnul

Shops:
D:3 *   D:4 (

Annotations:
D:4 2 transporters, t4s4d4r's ghost, amateur OpTm


Innate Abilities, Weirdness & Mutations

((You are quick and stealthy near water. (Stealth+, EV+, Speed+++)))
Your lower body shifts to a powerful aquatic tail in water.


Message History

The wall freezes the wight but does no damage.
The wight hits you with a +4 dire flail!!
You partially resist.
You feel drained.
You hit the wight but do no damage.
The wight is moderately damaged.
The wight resists.
The wall freezes the wight.
The wight completely resists.
The wall freezes the wight but does no damage.
The wight completely misses you.
You barely miss the wight.
The wight is moderately damaged.
The wight resists.
The wall freezes the wight.
The wight completely resists.
The wall freezes the wight but does no damage.
The wight barely misses you.
You hit the wight but do no damage.
The wight is moderately damaged.
The frozen ramparts melt away.
The wight hits you with a +4 dire flail.
You partially resist.
You feel drained.
Casting: Frozen Ramparts (safe; 1% risk of failure)
Confirm with . or Enter, or press ? or * to list all spells.
Casting: Frozen Ramparts (safe; 1% risk of failure)
Press: ? - help, Dir - look around, f - activate The walls around you are covered in ice.
The wight completely resists.
The wall freezes the wight but does no damage.
The wight completely resists.
The wall freezes the wight but does no damage.
The wight hits you with a +4 dire flail!
* * * LOW HITPOINT WARNING * * *
You partially resist.
You feel drained.
* * * LOW HITPOINT WARNING * * *
You hit the wight.
The wight is heavily damaged.
The wight completely resists.
The wall freezes the wight but does no damage.
The wight completely resists.
The wall freezes the wight but does no damage.
The wight hits you with a +4 dire flail!!
You die...
Your body rises from the dead as a mindless zombie.

########### #.........#
#.#######.# ######.# #.#
#....#.# ###.#####
####.##.#.#####.......####
#.##.#>...................
#....#..#.#####.........##
#.####..#@# #..........#
#.# #..#z# #..........#
#.# #..#z# ###.##......
#.# #..#.#######.##....#.
#.# #..#..........#....#.
#.####..#.#####...........
#.#...z....# ........
#.#.z......# ....
#.#........# ...


You could see 2 wights.

Vanquished Creatures
  Eustachio (D:5)
  Duvessa (D:5)
  An ogre (D:5)
  A centaur (D:6)
  Blork the orc (D:5)
  3 scorpions
  Dowan (D:5)
  A hound (D:5)
  3 centaur skeletons
  2 iguanas
  6 adders
  3 dart slugs
  3 orcs (D:3)
  9 endoplasms
  2 giant cockroaches (D:2)
  3 goblins
  7 hobgoblins
  3 jackals (D:2)
  4 quokkas
  2 ball pythons
  8 bats
  4 frilled lizards
  4 kobolds
  2 rats
75 creatures vanquished.

Vanquished Creatures (others)
  A fungus (D:1)
1 creature vanquished.

Grand Total: 76 creatures vanquished

Notes
Turn   | Place    | Note
-------+----------+-------------------------------------------
     0 | D:1      | Lanoc the Merfolk Ice Elementalist began the quest for the
                  | Orb.
     0 | D:1      | Reached XP level 1. HP: 13/13 MP: 3/3
   420 | D:1      | Found a faded altar of an unknown god.
   429 | D:1      | Became a worshipper of Yredelemnul the Dark
   429 | D:1      | Reached * piety under Yredelemnul
   558 | D:1      | Reached XP level 2. HP: 19/19 MP: 0/5
  1480 | D:2      | Reached skill level 5 in Ice Magic
  1480 | D:2      | Reached XP level 3. HP: 23/24 MP: 3/6
  1486 | D:2      | Reached skill level 1 in Invocations
  1490 | D:2      | Learned a level 3 spell: Frozen Ramparts
  1934 | D:2      | Reached XP level 4. HP: 30/30 MP: 3/7
  2000 | D:2      | Reached ** piety under Yredelemnul
  2688 | D:3      | Found Fulyuj's Assorted Antiques.
  2694 | D:3      | Bought 2 coppery potions for 50 gold pieces
  2694 | D:3      | Bought an amethyst potion for 25 gold pieces
  2694 | D:3      | Bought a fizzy clear potion for 25 gold pieces
  2989 | D:4      | Found a transporter.
  2989 | D:4      | Noticed t4s4d4r's ghost (amateur OpTm)
  3339 | D:4      | Reached XP level 5. HP: 30/35 MP: 4/8
  3409 | D:4      | Noticed a steam dragon
  3534 | D:4      | Found a transporter.
  3592 | D:4      | Reached skill level 6 in Ice Magic
  3596 | D:4      | Learned a level 3 spell: Ozocubu's Armour
  3697 | D:4      | Found Xufoip's Antique Weapon Boutique.
  3942 | D:5      | Entered Level 5 of the Dungeon
  3989 | D:5      | Noticed an ogre
  3995 | D:5      | Killed an ogre
  3996 | D:5      | Reached XP level 6. HP: 41/41 MP: 3/9
  4145 | D:5      | Noticed Duvessa
  4156 | D:5      | Killed Duvessa
  4157 | D:5      | Reached skill level 5 in Dodging
  4229 | D:5      | Noticed Eustachio
  4248 | D:5      | Noticed Dowan
  4265 | D:5      | Reached skill level 7 in Ice Magic
  4265 | D:5      | Reached XP level 7. HP: 22/46 MP: 6/10
  4568 | D:5      | Killed Eustachio
  4731 | D:5      | Found a staircase to the Ecumenical Temple.
  4750 | Temple   | Entered the Ecumenical Temple
  4895 | D:5      | Noticed Blork the orc
  4903 | D:5      | Killed Blork the orc
  5219 | D:5      | Killed Dowan
  5679 | D:6      | Reached skill level 8 in Ice Magic
  5862 | D:6      | Reached XP level 8. HP: 19/52 MP: 7/11
  6317 | D:6      | Slain by a wight

Illustrated notes

Levels and vault maps discovered:
D:1:      dpeg_cavernosity, layout_basic, ebering_ecumenical_altar_rust,
          minivault_23
D:2:      layout_basic, st_stairs_4
D:3:      layout_rooms, serial_shops,
          nicolae_shop_temple_entry_statues_fountains, serial_park_tiny_pond,
          minmay_misc_feat_ornament
D:4:      layout_gridville, serial_shops, shop, gammafunk_ghost_stat_death
D:5:      layout_loops_cross, minmay_temple_entry_tees, st_stairs_6,
          uniq_duvessa, uniq_eustachio, uniq_blork_the_orc
D:6:      layout_basic, kennysheep_generic_room_12
Temple:   compressed_dpeg_circular_temple

Skill      XL: |  1  2  3  4  5  6  7 |
---------------+----------------------+-----
Dodging        | 3 4 5 6 |  6.5
Ice Magic      | 5 6 7 8 |  8.4
Invocations    | 1 2 3 4 |  4.6
Stealth        | |  2.1
Spellcasting   | |  2.0

Action                   |  1- 3 |  4- 6 |  7- 9 || total
-------------------------+-------+-------+-------++-------
Melee: Unarmed           |     6 |       |       ||     6
       Short sword       |    12 |       |       ||    12
       Spear             |     2 |    59 |    29 ||    90
       Dagger            |       |       |    25 ||    25
 Cast: Freeze            |    45 |    33 |     5 ||    83
       Frozen Ramparts   |     2 |     7 |    13 ||    22
  Use: Potion            |       |       |     2 ||     2
 Stab: Sleeping          |       |     4 |       ||     4
       Distracted        |       |       |     1 ||     1
Armor: Robe              |     3 |     4 |     8 ||    15
Dodge: Dodged            |    37 |    46 |    60 ||   143

Table legend: (Time is in decaauts)
 A = Elapsed time spent in this place.
 B = Non-inter-level travel time spent in this place.
 C = Inter-level travel time spent in this place.
 D = Time resting spent in this place.
 E = Time spent auto-exploring this place.
 F = Levels seen in this place.
 G = Mean time per level.
                   A        B        C        D        E       F      G
               +--------+--------+--------+--------+--------+-----+--------+
         Total |   6319 |   6071 |    248 |    352 |   5018 |   7 |  902.7 |
       Dungeon |   6317 |   6069 |    248 |    352 |   5018 |   6 | 1052.8 |
        Temple |      1 |      1 |      0 |      0 |      0 |   1 |    1.0 |
               +--------+--------+--------+--------+--------+-----+--------+

Top non-repeatable levels by time:
     D:5: 1862 daAuts
     D:1: 1461 daAuts
     D:2: 982 daAuts
     D:4: 955 daAuts
     D:3: 539 daAuts
     D:6: 516 daAuts
  Temple: 1 daAuts
